 Dungeon Sprint DCSS version 0.28-a0-941-g140ffa10cf (webtiles) character file.

Game seed: 3658934624512844586

9800000 emperorscorpion the Invulnerable (level 27, -11/228 HPs)
             Began as a Djinni Fighter on Nov 29, 2021.
             Was the Champion of Makhleb.
             Mangled by a meat beast (19 damage)
             ... in the Dungeon (Sprint VIII: "Arena of Blood").
             The game lasted 00:19:12 (98 turns).

emperorscorpion the Invulnerable (Djinni Fighter)     Turns: 98, Time: 00:19:13

Health: -11/228    AC: 13    Str: 17    XL:     27
Gold:   0          EV: 28    Int: 13    God:    Makhleb [******] SH:  0 Dex: 21

rFire   + + .      SeeInvis +   i - +∞ Axe of Woe
rCold   x . .      Faith    .   (shield currently unavailable)
rNeg    . . .      Spirit   .   a - +0 scale mail
rPois   ∞          Reflect  .   (no helmet)
rElec   .          Harm     .   (no cloak)
rCorr   .          Rampage  .   (no gloves)
Will    ++...      NoTele   +   (boots unavailable)
Stlth   +++++++++.              (no amulet)
HPRegen 0.48/turn               h - ring of see invisible
MPRegen 0.00/turn               (no ring)

@: death channelling, calling dragons, on death's door cooldown, flying
A: sickness immunity, fire resistance 2, cold vulnerability 1, float, innate
caster, hp casting, extra vitality 1
a: Renounce Religion, Minor Destruction, Lesser Servant of Makhleb, Major
Destruction, Greater Servant of Makhleb


You were in the Dungeon.
You worshipped Makhleb.
Makhleb was exalted by your worship.
You visited 1 branch

Inventory:

Hand Weapons
 i - the +∞ Axe of Woe (weapon)
   (You found it in the Dungeon)
Armour
 a - a +0 scale mail (worn)
 b - a +0 buckler
Jewellery
 h - a ring of see invisible (left hand)
Potions
 c - a potion of might
 d - a potion of curing
 e - a potion of heal wounds
 f - a potion of haste
 g - a potion of berserk rage


   Skills:
 O Level 27 Fighting
 O Level 27 Short Blades
 O Level 27 Long Blades
 O Level 27 Axes
 O Level 27 Maces & Flails
 O Level 27 Polearms
 O Level 27 Staves
 O Level 27 Slings
 O Level 27 Bows
 O Level 27 Crossbows
 O Level 27 Throwing
 O Level 27 Armour
 O Level 27 Dodging
 O Level 27 Stealth
 O Level 27 Shields
 O Level 27 Unarmed Combat
 O Level 27 Spellcasting
 O Level 27 Invocations
 O Level 27 Evocations


You had 10 spell levels left.
You knew the following spells:

 Your Spells              Type           Power      Damage    Failure   Level
a - Slow                  Hex            100%       N/A       0%          1
b - Wereblood             Tmut           73%        N/A       0%          2
c - Call Imp              Summ           73%        N/A       0%          2
d - Vampiric Draining     Necr           73%        2d11      0%          3
e - Freezing Cloud        Conj/Ice/Air   36%        6-21      0%          5
f - Lightning Bolt        Conj/Air       36%        1d54      0%          5
g - Summon Cactus Giant   Summ           36%        N/A       0%          6
h - Dispersal             Tloc           36%        N/A       0%          6
i - Death Channel         Necr           36%        N/A       0%          6
j - Summon Horrible Thin  Summ           36%        N/A       1%          8
k - Borgnjor's Revivific  Necr           36%        N/A       1%          8
l - Death's Door          Necr           36%        N/A       4%          9
m - Dragon's Call         Summ           36%        N/A       4%          9
Your spell library was empty.

Dungeon Overview and Level Annotations

Branches:
Dungeon (1/1)

Altars:
Makhleb

Annotations:
D The Captor


Innate Abilities, Weirdness & Mutations

You are immune to sickness and miasma.
You are immune to poison.
Your flesh is very heat resistant. (rF++)
You are vulnerable to cold. (rC-)
You float through the air rather than walking.
You learn spells naturally, not from books.
Your magical power is your life essence.
You have superior vitality. (+4 HP)


Message History

The bag of meat convulses! x2; Your body is wracked with pain!
The observer convulses!
The eight-headed meat hydra convulses!
The meat berserker convulses!
The bag of meat convulses! x2
The meat beast bites you but does no damage.
The meat beast misses you.
Unknown command.
Press: ? - help, v - describe, . - travel, g - get item Item here: a ring of protection from fire.
The floor.
Unknown command.
A dragon tries to answer your call, but you don't have enough magical power! x2
Your life is in your own hands again!
You hear a shout! x4
The destroyer points at you and mumbles some strange words.
The destroyer blinks!
Your spectral meat berserker hits the meat berserker.
The meat berserker dies!
Makhleb accepts your kill.
A glowing mist starts to gather...
You hear a shout!
The bag of meat hits something with a +9 war axe!!
The bag of meat hits your spectral bag of meat with a +9 war axe!
The bag of meat hits something with a +9 war axe!!
Your spectral bag of meat hits the bag of meat.
The wretched soul hits your spectral bag of meat.
You hear a shout!
Your spectral bag of meat hits the bag of meat.
Your spectral bag of meat drains the bag of meat.
The bag of meat dies!
Makhleb accepts your kill.
A glowing mist starts to gather...
Something bites your spectral bag of meat.
Something bites your spectral bag of meat! x3
Something bites your spectral bag of meat.
Something bites your spectral bag of meat!
Something bites your spectral bag of meat.
Something bites your spectral bag of meat!
You hear a shout!
The meat beast bites you!!
You die...

...# #....# ....
#....##.. .#O..
#.....#.. .W .O...
#=.....###....D...
#V....##..§.#.....
#....#........#...
#.2..#....§X......
#@2.z.D.oX.......#
#...G.O.Z..X.XL...
#.....)ZzDXDX.X...
#...)ZZ§W.#oX..XX.
#.....ZZZ#.#.#O...
#.....oZ..#.#.D.o.
#..###.ZO#§#Z#).LO
#... ##oZ)#Z#o..@.
#... #.Z☼)OO))OWW


You could see 2 meat beasts, an eight-headed meat hydra, a destroyer, an
observer (fast, invisible, ally target), 2 sculptors of flesh, a wretched soul
(invisible), 2 meat berserkers, 3 bags of meat, 4 friendly spectral bags of
meat, 5 friendly spectral meat berserkers and a friendly spectral meat beast.

Vanquished Creatures
  4 hell beasts (D)
  4 royal mummies (D)
  A wraith (D)
  13 vampire knights (D)
  30 ogres (D)
  8 two-headed ogres (D)
  A lich (D)
  A hydra (D)
  48 orcs (D)
  4 skeletal warriors (D)
114 creatures vanquished.

Vanquished Creatures (collateral kills)
  5 ogres (D)
  4 orcs (D)
9 creatures vanquished.

Vanquished Creatures (others)
  An ogre (D)
  2 orcs (D)
3 creatures vanquished.

Grand Total: 126 creatures vanquished

Notes
Turn   | Place    | Note
-------+----------+-------------------------------------------
     0 | D        | Found the +∞ Axe of Woe
     0 | D        | emperorscorpion the Djinni Fighter began the quest for the
                  | Orb.
     0 | D        | Reached XP level 1. HP: 20/20 MP: 0/0
     1 | D        | Noticed a bag of meat
     1 | D        | Noticed a bag of meat
     1 | D        | Noticed a bag of meat
     2 | D        | Noticed a bag of meat
     3 | D        | Noticed a bag of meat
     3 | D        | Noticed a bag of meat
     5 | D        | Noticed a meat berserker
     6 | D        | Noticed a meat berserker
     6 | D        | Noticed a bag of meat
     6 | D        | Noticed a meat berserker
     7 | D        | Noticed a bag of meat
     7 | D        | Noticed a meat berserker
     8 | D        | Killed a bag of meat
     8 | D        | Noticed a meat berserker
     9 | D        | Reached XP level 2. HP: 42/42 MP: 0/0
     9 | D        | Reached XP level 3. HP: 48/48 MP: 0/0
     9 | D        | Learned a level 1 spell: Slow
     9 | D        | Reached XP level 4. HP: 54/54 MP: 0/0
     9 | D        | Reached XP level 5. HP: 59/59 MP: 0/0
     9 | D        | Learned a level 2 spell: Wereblood
     9 | D        | Reached XP level 6. HP: 66/66 MP: 0/0
     9 | D        | Reached XP level 7. HP: 71/71 MP: 0/0
     9 | D        | Learned a level 2 spell: Call Imp
     9 | D        | Reached XP level 8. HP: 77/77 MP: 0/0
     9 | D        | Reached XP level 9. HP: 83/83 MP: 0/0
     9 | D        | Learned a level 3 spell: Vampiric Draining
     9 | D        | Reached XP level 10. HP: 89/89 MP: 0/0
     9 | D        | Reached XP level 11. HP: 94/94 MP: 0/0
     9 | D        | Learned a level 5 spell: Freezing Cloud
     9 | D        | Noticed a meat berserker
     9 | D        | Killed a bag of meat
     9 | D        | Killed a bag of meat
     9 | D        | Killed a bag of meat
     9 | D        | Noticed a bag of meat
    10 | D        | Reached XP level 12. HP: 110/110 MP: 0/0
    10 | D        | Reached XP level 13. HP: 115/115 MP: 0/0
    10 | D        | Learned a level 5 spell: Lightning Bolt
    10 | D        | Killed a meat berserker
    10 | D        | Killed a meat berserker
    10 | D        | Killed a meat berserker
    10 | D        | Noticed a meat berserker
    11 | D        | Reached XP level 14. HP: 130/130 MP: 0/0
    11 | D        | Reached XP level 15. HP: 137/137 MP: 0/0
    11 | D        | Learned a level 6 spell: Summon Cactus Giant
    11 | D        | Killed a meat berserker
    11 | D        | Killed a meat berserker
    12 | D        | Reached XP level 16. HP: 84/148 MP: 0/0
    12 | D        | Killed a meat berserker
    13 | D        | Reached skill level 15 in Axes
    13 | D        | Reached XP level 17. HP: 90/157 MP: 0/0
    13 | D        | Learned a level 6 spell: Dispersal
    14 | D        | Became a worshipper of Makhleb the Destroyer
    15 | D        | Killed a meat berserker
    15 | D        | Reached * piety under Makhleb
    16 | D        | Reached skill level 27 in Fighting
    16 | D        | Reached skill level 27 in Armour
    16 | D        | Reached skill level 27 in Shields
    16 | D        | Reached ** piety under Makhleb
    17 | D        | Reached skill level 15 in Unarmed Combat
    17 | D        | Reached XP level 18. HP: 151/167 MP: 0/0
    17 | D        | Noticed a large bag of meat
    18 | D        | Noticed a meat berserker
    18 | D        | Noticed a meat berserker
    19 | D        | Noticed a meat berserker
    20 | D        | Noticed a large bag of meat
    20 | D        | Noticed a large bag of meat
    20 | D        | Noticed a meat berserker
    21 | D        | Reached *** piety under Makhleb
    21 | D        | Noticed a large bag of meat
    22 | D        | Killed a meat berserker
    22 | D        | Reached **** piety under Makhleb
    22 | D        | Noticed a meat berserker
    23 | D        | Reached XP level 19. HP: 174/174 MP: 0/0
    23 | D        | Learned a level 6 spell: Death Channel
    23 | D        | Noticed a destroyer
    24 | D        | Reached skill level 27 in Axes
    24 | D        | Killed a large bag of meat
    24 | D        | Killed a meat berserker
    24 | D        | Reached ***** piety under Makhleb
    24 | D        | Killed a large bag of meat
    24 | D        | Noticed a meat berserker
    25 | D        | Reached skill level 27 in Dodging
    25 | D        | Reached XP level 20. HP: 163/181 MP: 0/0
    26 | D        | Killed a meat berserker
    26 | D        | Reached ****** piety under Makhleb
    27 | D        | Reached XP level 21. HP: 185/187 MP: 0/0
    27 | D        | Learned a level 8 spell: Summon Horrible Things
    27 | D        | Noticed a destroyer
    27 | D        | Noticed a meat berserker
    27 | D        | Noticed a destroyer
    27 | D        | Noticed an eight-headed meat hydra
    28 | D        | Noticed a large bag of meat
    29 | D        | Killed a meat berserker
    29 | D        | Killed a destroyer
    29 | D        | Killed a meat berserker
    30 | D        | Reached skill level 27 in Spellcasting
    30 | D        | Reached XP level 22. HP: 194/194 MP: 0/0
    30 | D        | Noticed a destroyer
    31 | D        | Killed a destroyer
    31 | D        | Killed a large bag of meat
    31 | D        | Killed a meat berserker
    31 | D        | Killed a destroyer
    32 | D        | Reached skill level 27 in Stealth
    32 | D        | Reached XP level 23. HP: 182/201 MP: 0/0
    32 | D        | Learned a level 8 spell: Borgnjor's Revivification
    33 | D        | Noticed a destroyer
    33 | D        | Killed a large bag of meat
    34 | D        | Reached skill level 10 in Short Blades
    34 | D        | Reached skill level 10 in Long Blades
    34 | D        | Reached skill level 10 in Staves
    34 | D        | Reached skill level 10 in Invocations
    34 | D        | Reached skill level 10 in Evocations
    34 | D        | Killed a destroyer
    35 | D        | Reached skill level 10 in Maces & Flails
    35 | D        | Reached skill level 10 in Polearms
    35 | D        | Reached skill level 10 in Slings
    35 | D        | Reached skill level 10 in Bows
    35 | D        | Reached skill level 10 in Crossbows
    35 | D        | Reached skill level 10 in Throwing
    35 | D        | Noticed a destroyer
    37 | D        | Noticed a destroyer
    38 | D        | Killed a large bag of meat
    39 | D        | Reached skill level 15 in Invocations
    39 | D        | Reached skill level 15 in Evocations
    39 | D        | Reached XP level 24. HP: 52/208 MP: 0/0
    42 | D        | Killed a destroyer
    43 | D        | Reached skill level 15 in Short Blades
    46 | D        | Noticed a destroyer
    46 | D        | Noticed a destroyer
    46 | D        | Noticed a tyrant
    47 | D        | Reached skill level 15 in Long Blades
    47 | D        | Reached skill level 15 in Staves
    47 | D        | Noticed a large bag of meat
    49 | D        | Reached XP level 25. HP: 141/214 MP: 0/0
    49 | D        | Learned a level 9 spell: Death's Door
    49 | D        | Killed a destroyer
    50 | D        | Reached skill level 15 in Maces & Flails
    50 | D        | Reached skill level 15 in Polearms
    50 | D        | Reached skill level 15 in Slings
    50 | D        | Reached skill level 15 in Bows
    50 | D        | Reached skill level 15 in Crossbows
    50 | D        | Reached skill level 15 in Throwing
    54 | D        | Noticed a tyrant
    55 | D        | Noticed a destroyer
    56 | D        | Reached XP level 26. HP: 221/221 MP: 0/0
    56 | D        | Killed a destroyer
    58 | D        | Killed a destroyer
    58 | D        | Killed a destroyer
    59 | D        | Noticed a meat beast
    60 | D        | Killed a large bag of meat
    61 | D        | Reached XP level 27. HP: 55/228 MP: 0/0
    61 | D        | Learned a level 9 spell: Dragon's Call
    62 | D        | Killed a meat beast
    63 | D        | Noticed a dread
    64 | D        | Noticed a meat beast
    65 | D        | Killed a meat beast
    68 | D        | Killed a destroyer
    69 | D        | Noticed The Captor
    70 | D        | Killed a dread
    71 | D        | Noticed a meat beast
    72 | D        | Reached skill level 27 in Invocations
    72 | D        | Reached skill level 27 in Evocations
    74 | D        | Noticed a destroyer
    76 | D        | Killed a destroyer
    77 | D        | Reached skill level 27 in Short Blades
    77 | D        | Noticed a tyrant
    77 | D        | Noticed a large bag of meat
    78 | D        | Noticed a destroyer
    78 | D        | Killed a meat beast
    78 | D        | Noticed an accursed
    79 | D        | Reached skill level 27 in Long Blades
    79 | D        | Reached skill level 27 in Staves
    79 | D        | Noticed a tyrant
    80 | D        | Noticed a large bag of meat
    81 | D        | Killed a large bag of meat
    85 | D        | Noticed a meat beast
    85 | D        | Noticed a destroyer
    87 | D        | Noticed an accursed
    87 | D        | Killed a large bag of meat
    88 | D        | Noticed an accursed
    88 | D        | Noticed a tyrant
    88 | D        | Noticed an accursed
    88 | D        | Noticed an accursed
    89 | D        | Noticed a tyrant
    90 | D        | Killed a meat beast
    91 | D        | Reached skill level 27 in Maces & Flails
    91 | D        | Reached skill level 27 in Polearms
    91 | D        | Reached skill level 27 in Slings
    91 | D        | Reached skill level 27 in Bows
    91 | D        | Reached skill level 27 in Crossbows
    91 | D        | Reached skill level 27 in Throwing
    91 | D        | Reached skill level 27 in Unarmed Combat
    93 | D        | Killed an accursed
    93 | D        | Killed a destroyer
    93 | D        | Noticed a meat beast
    93 | D        | Noticed a meat beast
    94 | D        | Noticed a destroyer
    95 | D        | Killed an accursed
    95 | D        | Killed an accursed
    95 | D        | Killed a destroyer
    95 | D        | Killed a tyrant
    95 | D        | Killed an accursed
    96 | D        | Noticed a dread
    98 | D        | Mangled by a meat beast

Illustrated notes

Levels and vault maps discovered:
D:        meatsprint

Skill      XL: |  1  2  3  4  5  6  7  8  9 10 11 12 13 14 15 16 17 18 19 20 21 22 23 24 25 26 27 |
---------------+----------------------------------------------------------------------------------+-----
Fighting       | 14 18 22 24 25 27 | 27.0
Axes           | 2 7 12 14 15 22 26 27 | 27.0
Armour         | 14 19 23 25 27 | 27.0
Shields        | 14 18 22 24 25 27 | 27.0
Unarmed Combat | 7 9 11 12 15 27 | 27.0
Dodging        | 18 27 | 27.0
Stealth        | 2 21 22 24 27 | 27.0
Spellcasting   | 20 27 | 27.0
Short Blades   | 14 16 20 22 27 | 27.0
Long Blades    | 14 15 19 21 27 | 27.0
Maces & Flails | 12 14 17 19 27 | 27.0
Polearms       | 12 14 17 19 27 | 27.0
Staves         | 13 15 19 21 27 | 27.0
Slings         | 12 14 17 19 27 | 27.0
Bows           | 12 14 17 19 27 | 27.0
Crossbows      | 12 14 17 19 27 | 27.0
Throwing       | 12 14 17 19 27 | 27.0
Invocations    | 15 17 20 22 27 | 27.0
Evocations     | 15 17 20 22 27 | 27.0

Action                   |  1- 3 |  4- 6 |  7- 9 | 10-12 | 13-15 | 16-18 | 19-21 | 22-24 | 25-27 || total
-------------------------+-------+-------+-------+-------+-------+-------+-------+-------+-------++-------
Melee: Executioner's axe |     1 |       |       |     1 |     2 |     5 |     4 |     8 |    23 ||    44
 Cast: Death Channel     |       |       |       |       |       |       |       |     1 |     1 ||     2
       Summon Horrible T |       |       |       |       |       |       |       |     1 |       ||     1
       Dispersal         |       |       |       |       |       |       |       |     1 |     1 ||     2
       Death's Door      |       |       |       |       |       |       |       |       |     1 ||     1
       Dragon's Call     |       |       |       |       |       |       |       |       |     1 ||     1
  Use: Scroll            |       |       |       |       |       |       |       |     1 |       ||     1
 Stab: Distracted        |       |       |       |       |       |       |       |       |     2 ||     2
Armor: Scale mail        |       |       |       |       |       |       |       |       |     6 ||     6
Dodge: Dodged            |       |       |       |       |       |     1 |       |     4 |     8 ||    13

Table legend: (Time is in decaauts)
 A = Elapsed time spent in this place.
 B = Non-inter-level travel time spent in this place.
 C = Inter-level travel time spent in this place.
 D = Time resting spent in this place.
 E = Time spent auto-exploring this place.
 F = Levels seen in this place.
 G = Mean time per level.
                   A        B        C        D        E       F      G
               +--------+--------+--------+--------+--------+-----+--------+
         Total |     88 |     88 |      0 |      0 |      0 |   1 |   88.0 |
       Dungeon |     88 |     88 |      0 |      0 |      0 |   1 |   88.0 |
               +--------+--------+--------+--------+--------+-----+--------+

Top non-repeatable levels by time:
       D: 88 daAuts
